 Dungeon Crawl Stone Soup version 0.29-a0-1039-gfc20370e89 (webtiles) character file.

Game seed: 5294905217731931246

8 DungeonMaster the Sneak (level 2, -1/21 HPs)
             Began as a Demonspawn Wanderer on Aug 15, 2022.
             Slain by a hobgoblin
             ... wielding a +0 short sword
              (2 damage)
             ... on level 1 of the Dungeon.
             The game lasted 00:00:46 (435 turns).

DungeonMaster the Sneak (Demonspawn Wanderer)        Turns: 435, Time: 00:00:47

Health: -1/21      AC:  3    Str: 10    XL:     2   Next: 0%
Magic:  5/5        EV: 11    Int: 11    God:
Gold:   30         SH:  0    Dex: 16    Spells: 4/5 levels left

rFire   . . .      SeeInvis .   a - +2 dagger
rCold   . . .      Faith    .   (no shield)
rNeg    . . .      Spirit   .   e - +0 robe
rPois   .          Reflect  .   (no helmet)
rElec   .          Harm     .   (no cloak)
rCorr   .          Rampage  .   k - +0 pair of gloves
Will    .....                   (no boots)
Stlth   +++.......              (no amulet)
HPRegen 0.07/turn               (no ring)
MPRegen 0.09/turn               (no ring)

@: no status effects
A: foul stench 1
a: no special abilities


You were on level 1 of the Dungeon.
You visited 1 branch of the dungeon, and saw 1 of its levels.

You collected 30 gold pieces.

Inventory:

Hand Weapons
 a - a +2 dagger (weapon)
Missiles
 i - 6 stones
Armour
 e - a +0 robe (worn)
 k - a +0 pair of gloves (worn)
Magical Staves
 f - a staff of air
Scrolls
 b - a scroll of blinking
 c - a scroll of silence
 h - a scroll of amnesia {unknown}
Potions
 d - a potion of attraction
 g - 4 potions of curing {unknown}
 j - a potion of heal wounds {unknown}
 l - 2 potions of lignification {unknown}
 m - a potion of invisibility {unknown}
 n - a potion of magic {unknown}


   Skills:
 * Level 1.6 Fighting
 * Level 0.9 Dodging
 - Level 3.6 Stealth
 - Level 2.0 Spellcasting
 - Level 3.2 Necromancy


You had 4 spell levels left.
You knew the following spells:

 Your Spells              Type           Power      Damage    Failure   Level
a - Necrotise             Necr           32%        1d5       8%          1

Your spell library contained the following spells:

 Spells                   Type           Power      Damage    Failure   Level
 Vampiric Draining        Necr           8%         2d6       22%         3


Dungeon Overview and Level Annotations

Branches:
Dungeon (1/15)

Altars:


Innate Abilities, Weirdness & Mutations

You may rarely emit foul miasma when damaged in melee.


Message History

The hobgoblin is moderately wounded.
The hobgoblin closely misses you.
You hit the hobgoblin.
You kill the hobgoblin!
You have reached level 2!
Your demonic ancestry asserts itself...
You begin to emit a foul stench of rot and decay.
You start putting on your armour.
You continue putting on your +0 pair of gloves. x4
You finish putting on your +0 pair of gloves.
Found a faded altar of an unknown god.
You now have 26 gold pieces (gained 8).
g - 4 pink potions (gained 2)
l - 2 golden potions
m - a viscous brown potion
n - a viscous pink potion You now have 30 gold pieces (gained 4).
A hobgoblin comes into view. It is wielding a +0 short sword.
The hobgoblin hits you but does no damage.
You hit the hobgoblin but do no damage.
The hobgoblin hits you with a +0 short sword.
You hit the hobgoblin but do no damage.
The hobgoblin hits you with a +0 short sword.
You hit the hobgoblin.
The hobgoblin is lightly wounded.
The hobgoblin hits you with a +0 short sword.
You hit the hobgoblin but do no damage.
The hobgoblin is lightly wounded.
The hobgoblin hits you with a +0 short sword.
You barely miss the hobgoblin.
The hobgoblin is lightly wounded.
The hobgoblin hits you with a +0 short sword!
* * * LOW HITPOINT WARNING * * *
You hit the hobgoblin but do no damage.
The hobgoblin is lightly wounded.
The hobgoblin barely misses you.
You hit the hobgoblin but do no damage.
The hobgoblin is lightly wounded.
The hobgoblin hits you with a +0 short sword.
You die...

...#.# #<#### ...#.#
#.#.# ...#.# #.# #.#
...#.########### # ## ##
รท..#...........######.#
......................#
.................^....##
........._..............
................@g......
........................
........>...............
........................
......########..........
......# #..........
......# #..........
####### ...........
..........


You could see a hobgoblin.

Vanquished Creatures
  3 ball pythons (D:1)
  A hobgoblin (D:1)
  A bat (D:1)
  A frilled lizard (D:1)
  A kobold (D:1)
  A rat (D:1)
8 creatures vanquished.

Vanquished Creatures (others)
  3 plants (D:1)
3 creatures vanquished.

Grand Total: 11 creatures vanquished

Notes
Turn   | Place    | Note
-------+----------+-------------------------------------------
     0 | D:1      | DungeonMaster the Demonspawn Wanderer began the quest for
                  | the Orb.
     0 | D:1      | DungeonMaster set off with the following items: a +2
                  | dagger, a scroll of blinking, a scroll of silence, a potion
                  | of attraction, a +0 robe; and the following spell
                  | memorised: Necrotise; and the following spells available to
                  | memorise: Vampiric Draining.
     0 | D:1      | Reached XP level 1. HP: 15/15 MP: 3/3
   189 | D:1      | Gained mutation: You may rarely emit foul miasma when
                  | damaged in melee. [demonic ancestry]
   189 | D:1      | Reached XP level 2. HP: 7/21 MP: 5/5
   387 | D:1      | Found a faded altar of an unknown god.
   433 | D:1      | HP: 1/21 [hobgoblin/+0 short sword (7)]
   435 | D:1      | Slain by a hobgoblin

Illustrated notes

Levels and vault maps discovered:
D:1:      reono_arrival_mine, layout_rooms, serial_shops,
          nicolae_shop_behind_doors, serial_bayou, serial_bayou_pond_d,
          serial_bayou_pond_d, serial_bayou_shore_a, serial_bayou_lake_a,
          basic_ecumenical_altar

Action                   || total
-------------------------++-------
Melee: Dagger            ||    23
 Stab: Distracted        ||     1
Armor: Robe              ||    12
Dodge: Dodged            ||    22

Table legend: (Time is in decaauts)
 A = Elapsed time spent in this place.
 B = Non-inter-level travel time spent in this place.
 C = Inter-level travel time spent in this place.
 D = Time resting spent in this place.
 E = Time spent auto-exploring this place.
 F = Levels seen in this place.
 G = Mean time per level.
                   A        B        C        D        E       F      G
               +--------+--------+--------+--------+--------+-----+--------+
         Total |    439 |    439 |      0 |    211 |    118 |   1 |  439.0 |
       Dungeon |    439 |    439 |      0 |    211 |    118 |   1 |  439.0 |
               +--------+--------+--------+--------+--------+-----+--------+

Top non-repeatable levels by time:
     D:1: 439 daAuts
